 Dungeon Crawl Stone Soup version 0.27.1-33-g824d729ab1 (webtiles) character file.

Game seed: 12513392041881272997

548 raph the Slasher (level 7, -11/55 HPs)
             Began as a Red Draconian Warper on Dec 26, 2021.
             Mangled by an orc warrior (15 damage)
             ... on level 5 of the Dungeon.
             The game lasted 00:07:49 (6971 turns).

raph the Slasher (Red Draconian Warper)             Turns: 6971, Time: 00:07:50

Health: -11/55     AC:  7    Str: 14    XL:     7   Next: 7%
Magic:  8/10       EV: 12    Int: 13    God:
Gold:   197        SH:  0    Dex: 12    Spells: 2/10 levels left

rFire    + . .     SeeInvis .   a - +3 falchion
rCold    . . .     Faith    .   (no shield)
rNeg     . . .     Spirit   .   (armour unavailable)
rPois    .         Reflect  .   (helmet restricted)
rElec    .         Harm     .   (no cloak)
rCorr    .         Rampage  .   e - +0 pair of gloves
Will     .....                  (no boots)
Stlth    +.........             k - amulet of the acrobat
HPRegen  0.18/turn              (no ring)
MPRegen  0.12/turn              (no ring)

@: short of breath, very slightly contaminated
A: breathe fire, AC +6, unfitting armour, fire resistance 1, cold-blooded
a: Breathe Fire


You were on level 5 of the Dungeon.
You visited 1 branch of the dungeon, and saw 5 of its levels.

You collected 197 gold pieces.

Inventory:

Hand Weapons
 a - a +3 falchion (weapon)
 n - a +0 long sword
Missiles
 c - 5 boomerangs of dispersal (quivered)
Armour
 e - a +0 pair of gloves (worn)
Jewellery
 k - an amulet of the acrobat (around neck)
Scrolls
 b - a scroll of blinking
Potions
 d - 2 potions of flight
 f - a potion of heal wounds {unknown}
 g - 2 potions of might {unknown}
 h - a potion of magic {unknown}
 i - a potion of mutation {unknown}
 j - a potion of berserk rage {unknown}
 l - a potion of cancellation {unknown}
 m - a potion of lignification {unknown}
 o - a potion of attraction {unknown}


   Skills:
 - Level 2.1 Fighting
 + Level 7.8 Long Blades
 - Level 0.8 Throwing
 - Level 2.1 Dodging
 - Level 2.0 Spellcasting
 - Level 3.0 Translocations


You had 2 spell levels left.
You knew the following spells:

 Your Spells              Type           Power      Damage    Failure   Level
a - Blink                 Tloc           N/A        N/A       11%         2
b - Teleport Other        Tloc           9%         N/A       22%         3
c - Gell's Gravitas       Tloc           4%         N/A       22%         3

Your spell library contained the following spells:

 Spells                   Type           Power      Damage    Failure   Level
 Lesser Beckoning         Tloc           4%         N/A       22%         3
 Manifold Assault         Tloc           9%         N/A       90%         5


Dungeon Overview and Level Annotations

Branches:
Dungeon (5/15)
 Temple: D:4-7

Altars:

Shops:
D:2 =

Annotations:
D:4 Edmund, Eustachio


Innate Abilities, Weirdness & Mutations

You can breathe blasts of fire.
Your fiery red scales are hard. (AC +6)
You cannot fit into any form of body armour.
Your flesh is heat resistant. (rF+)
You are cold-blooded and may be slowed by cold attacks.


Message History

Found 8 gold pieces.
You now have 197 gold pieces (gained 8).
You open the door.
There is an open door here.
o - a bubbling emerald potion
Found a scroll labelled XAMANO GIXISO.
An orc wizard comes into view.
It is wielding a +0 dagger and wearing a +1 robe of positive energy.
An orc warrior comes into view. It is wielding a +0 scimitar.
Found an escape hatch in the floor.
The orc warrior shouts!
The orc wizard shouts!
The orc wizard casts a spell.
The orc wizard flickers and vanishes!
Deactivating autopickup; reactivate with Ctrl-A.
An orc comes into view.
It is wielding a +0 morningstar and wearing a +0 leather armour of cold resistance.
The orc warrior hits you with a +0 scimitar!
You see here a scroll labelled XAMANO GIXISO.
You completely miss the orc warrior.
The orc warrior hits you with a +0 scimitar!
You hit the orc warrior but do no damage.
Your tail-slap misses the orc warrior.
The orc warrior hits you with a +0 scimitar!
You closely miss the orc warrior.
Your tail-slap misses the orc warrior.
The orc warrior hits you with a +0 scimitar!
* * * LOW HITPOINT WARNING * * *
Press: ? - help, Shift-Dir - straight line You breathe a blast of fire.
The fiery breath misses the orc warrior.
The fiery breath hits something!
The fiery breath hits the orc!
You kill the orc!
The orc warrior hits you with a +0 scimitar!
* * * LOW HITPOINT WARNING * * *
A jelly comes into view.
Okay, then.
Casting: Teleport Other (dangerous; 22% risk of failure)
Confirm with . or Enter, or press ? or * to list all spells.
You miscast Blink.
You are very lightly contaminated with residual magic.
Nothing appears to happen.
The orc warrior hits you with a +0 scimitar!
You die...

##.#.## ##.###.## #.## ##.#
##+## ##.###.## #...## ##.#..#
.....## ##.#.# ......## ##.#.#
##
.......####....##########.>.##
.......'........@o..J.?.).....
.......###.......#.######...##
......## #.#.###.#.# ##
.....## #.#.# #.#.# #...##
#.#.# #.#.# ##+## #.... ....#
##### #####


You could see an orc warrior and a jelly.

Vanquished Creatures
  An ice beast (D:5)
  A scorpion (D:5)
  An orc priest (D:3)
  Natasha (thrice) (D:2)
  3 orc wizards (D:3)
  3 gnolls (D:3)
  6 adders
  2 worms
  4 dart slugs
  18 orcs
  6 endoplasms
  3 giant cockroaches
  3 goblins
  15 hobgoblins
  6 jackals
  3 quokkas
  7 ball pythons
  4 bats
  6 frilled lizards
  8 kobolds
  8 rats
111 creatures vanquished.

Notes
Turn   | Place    | Note
-------+----------+-------------------------------------------
     0 | D:1      | raph the Draconian Warper began the quest for the Orb.
     0 | D:1      | Reached XP level 1. HP: 17/17 MP: 3/3
   228 | D:1      | Reached XP level 2. HP: 2/24 MP: 5/5
   231 | D:1      | Reached skill level 3 in Long Blades
  1309 | D:1      | Reached XP level 3. HP: 29/29 MP: 6/6
  1318 | D:1      | Learned a level 2 spell: Blink
  1336 | D:1      | Found a faded altar of an unknown god.
  1643 | D:2      | Reached skill level 4 in Long Blades
  1881 | D:2      | Noticed Natasha
  1888 | D:2      | Killed Natasha
  1889 | D:2      | Reached XP level 4. HP: 32/36 MP: 7/7
  1953 | D:2      | Learned a level 3 spell: Teleport Other
  2157 | D:2      | Noticed Natasha
  2170 | D:2      | Killed Natasha
  2171 | D:2      | Reached skill level 5 in Long Blades
  2329 | D:2      | Noticed Natasha
  2332 | D:2      | Killed Natasha
  2333 | D:2      | Reached XP level 5. HP: 38/41 MP: 8/8
  2379 | D:2      | Found Jujiag's Jewellery Boutique.
  2998 | D:3      | Reached skill level 6 in Long Blades
  3265 | D:3      | Reached XP level 6. HP: 33/48 MP: 9/9
  3371 | D:3      | Learned a level 3 spell: Gell's Gravitas
  4930 | D:4      | Noticed Edmund
  5505 | D:4      | Noticed Eustachio
  5677 | D:5      | Entered Level 5 of the Dungeon
  5702 | D:5      | Reached skill level 7 in Long Blades
  6752 | D:5      | Noticed an ice beast
  6765 | D:5      | Killed an ice beast
  6766 | D:5      | Your scales start taking on a fiery red colour.
  6766 | D:5      | Reached XP level 7. HP: 28/55 MP: 10/10
  6766 | D:5      | Gained mutation: Your flesh is heat resistant. (rF+) [Red
                  | Draconian growth]
  6971 | D:5      | Mangled by an orc warrior

Illustrated notes

Levels and vault maps discovered:
D:1:      minmay_arrival_five_plusses, layout_basic,
          shapermc_ecumenical_altar_totnotflames, minivault_19,
          nrook_loot_triangle
D:2:      minmay_general_purpose_star, layout_rooms, serial_shops,
          shop_fountains, uniq_natasha
D:3:      layout_basic
D:4:      layout_layer_cave, uniq_eustachio, uniq_edmund
D:5:      layout_loops_corners, minmay_temple_entry_water_ring,
          gup_sewer_entry_spiral, chequers_ossuary_entry_cave

Skill      XL: |  1  2  3  4  5  6 |
---------------+-------------------+-----
Long Blades    | 3 4 5 6 7 |  7.8
Fighting       | |  2.1
Throwing       | |  0.8
Dodging        | |  2.1
Spellcasting   | |  2.0
Translocations | |  3.0

Action                   |  1- 3 |  4- 6 |  7- 9 || total
-------------------------+-------+-------+-------++-------
Melee: Falchion          |    95 |   236 |     3 ||   334
       Tailslap          |     9 |    29 |       ||    38
 Cast: Teleport Other    |       |     1 |       ||     1
 Abil: Breathe Fire      |       |       |     1 ||     1
  Use: Scroll            |     2 |     6 |       ||     8
Armor: Skin              |    25 |    70 |       ||    95
Dodge: Dodged            |    71 |   133 |       ||   204
       Rpst.: Falchion   |    19 |    46 |       ||    65
